 Dungeon Crawl Stone Soup version 0.31-a0-1-g4198be8 (webtiles) character file.

Game seed: 12823871857866714969

99 Nithhogg the Trooper (level 4, -2/41 HPs)
             Began as a Hill Orc Fighter on May 3, 2023.
             Slain by an orc
             ... wielding a +0 trident
              (5 damage)
             ... on level 3 of the Dungeon.
             The game lasted 00:04:26 (1599 turns).

Nithhogg the Trooper (Hill Orc Fighter)             Turns: 1599, Time: 00:04:26

Health: -2/41      AC:  9    Str: 20    XL:     4   Next: 72%
Magic:  5/5        EV:  9    Int:  8    God:
Gold:   113        SH:  0    Dex: 16    Spells: 3/3 levels left

rFire   + + .        a - +0 war axe
rCold   x . .        (no shield)
rNeg    . . .        d - +2 scale mail {rF+}
rPois   .            (no helmet)
rElec   +            (no cloak)
rCorr   .            (no gloves)
SInv    .            (no boots)
Will    .....        (no amulet) Stlth
                     n - ring "Qusserib" {Fire rElec Stlth+}
HPRegen 0.26/turn    o - +6 ring of dexterity
MPRegen 0.09/turn

%: no passive effects
@: confused
A: no striking features
a: no special abilities


You were on level 3 of the Dungeon.
You visited 1 branch of the dungeon, and saw 3 of its levels.

You collected 113 gold pieces.

Inventory:

Hand Weapons
 a - a +0 war axe (weapon)
Armour
 b - a +0 scale mail
 c - a +0 buckler
 d - a +2 scale mail of fire resistance (worn)
Jewellery
 n - the ring "Qusserib" (left hand) {Fire rElec Stlth+}
   (You found it on level 2 of the Dungeon)

   [ring of fire]

   It enhances your fire magic.
   rF:        It protects you from fire.
   rC:        It makes you vulnerable to cold.
   rElec:     It insulates you from electricity.
   Stlth:     It makes you more stealthy.
 o - a +6 ring of dexterity (right hand)
Scrolls
 h - 2 scrolls of magic mapping
 j - a scroll of blinking
 k - 4 scrolls of identify
 l - 2 scrolls of immolation {unknown}
Potions
 e - a potion of brilliance
 f - 3 potions of heal wounds
 i - a potion of attraction
 m - 2 potions of haste


   Skills:
 + Level 4.4 Fighting
 + Level 3.8 Axes
 + Level 4.0 Armour
 - Level 3.2 Shields
 + Level 2.6 Invocations


You had 3 spell levels left.
You didn't know any spells.
Your spell library was empty.

Dungeon Overview and Level Annotations

Branches:
Dungeon (3/15)

Altars:

Annotations:
D:3 Sigmund


Message History

You feel less confused.
The orc hits you from afar with a +0 trident.
The orc barely misses you.
You hear some strange, mumbled words.
You are confused.
You hit the orc wizard.
The orc wizard is lightly wounded.
The orc misses you. Something hits you but does no damage.
The orc wizard points at you and mumbles some strange words.
You are more confused.
The orc hits you from afar with a +0 trident.
The orc barely misses you.
The orc wizard points at you and mumbles some strange words.
You are more confused.
The orc hits you but does no damage.
The orc wizard hits you but does no damage.
The orc closely misses you.
You closely miss the orc wizard.
The orc wizard is lightly wounded.
Something hits you.
The orc hits you from afar with a +0 trident.
The orc wizard closely misses you. The orc barely misses you.
The orc wizard attacks as you move away!
The orc wizard hits you but does no damage.
The orc hits you from afar with a +0 trident.
Something hits you. The orc hits you with a +0 trident.
The orc wizard gestures at you while chanting.
You resist with some effort. The orc hits you but does no damage.
Something hits you.
You are too confused!
You're too confused to move!
The orc hits you but does no damage. The orc hits you with a +0 trident!
* * * LOW HITPOINT WARNING * * *
The orc wizard hits you but does no damage.
The orc attacks as you move away! The orc closely misses you.
Something hits you.
* * * LOW HITPOINT WARNING * * *
The orc hits you from afar with a +0 trident.
You die...

,,,,,,,,,,,,**,,,,,,,,,*,****,,*,
**,,****,,,,*#.***.#...,,,,,,,,,,
,,,,,,,,..,,,...,,.)..#*,****,,*,
*******#,!#,*#.#*#....#*,****,,,,
,,...,,#........,.....#*,,,,,,,,,
**#..#.##.#.##.##.....#*,,,,,,,*,
,,,..........#.#......#*,,,,,,,*,
***,#..##....#.#......#*,,,,,,,*,
*,#.......#.oo@.....#*,*******,
*,#...................,,,,,,,*,
*,*,,#......o{....####,*****,*,
*,*,,#...............,,* *,*,
*,,*,#.####.......###*,*****,*,
#...,#...##.......#*,,,,,,,,,*,
#..**###.##...?...#***,,,*****,
**#..* #.##...?...# *,,,,,,,,,
,,...* ###.########.#***,,***,***


You could see an orc wizard and 2 orcs.

Vanquished Creatures
  Terence (D:2)
  3 adders (D:2)
  2 worms (D:2)
  2 orcs (D:3)
  4 endoplasms
  3 giant cockroaches
  3 goblins (D:1)
  3 hobgoblins
  2 jackals (D:2)
  A kobold (D:3)
  5 ball pythons
  2 bats
  2 frilled lizards (D:2)
  9 rats
42 creatures vanquished.

Vanquished Creatures (others)
  4 toadstools (D:1)
4 creatures vanquished.

Grand Total: 46 creatures vanquished

Notes
Turn   | Place    | Note
-------+----------+-------------------------------------------
     0 | D:1      | Nithhogg the Hill Orc Fighter began the quest for the Orb.
     0 | D:1      | Reached XP level 1. HP: 19/19 MP: 1/1
    89 | D:1      | Reached XP level 2. HP: 22/27 MP: 2/2
    90 | D:1      | Reached skill level 1 in Invocations
   357 | D:1      | You fall into a shaft and drop 1 floor!
   616 | D:2      | Reached XP level 3. HP: 33/33 MP: 4/4
   735 | D:2      | Noticed Terence
   743 | D:2      | Killed Terence
   744 | D:2      | Reached XP level 4. HP: 30/40 MP: 5/5
  1112 | D:2      | Identified the ring "Qusserib" {Fire rElec Stlth+}
  1219 | D:2      | Found a faded altar of an unknown god.
  1569 | D:3      | Noticed Sigmund
  1599 | D:3      | Slain by an orc

Illustrated notes

Levels and vault maps discovered:
D:1:      ldierk_walled_garden_2, layout_rooms
D:2:      layout_loops_cross, shapermc_ecumenical_altar_mp_urbaneastern,
          dreamdust_wishing_well, minivault_26, dreamdust_princess_bridge,
          nicolae_half_adder, uniq_terence
D:3:      layout_basic, uniq_sigmund, uniq_robin

Skill      XL: |  1  2  3  4 |
---------------+-------------+-----
Axes           | 3 |  3.8
Invocations    | 1 2 |  2.6
Fighting       | 4 |  4.4
Armour         | 4 |  4.0
Shields        | |  3.2

Action                     |  1- 3 |  4- 6 || total
---------------------------+-------+-------++-------
  Melee: War axe           |    76 |    54 ||   130
    Use: Potion            |     1 |       ||     1
         Scroll            |       |     7 ||     7
 Armour: Scale mail        |    44 |    42 ||    86
  Dodge: Dodged            |    44 |    28 ||    72

Table legend: (Time is in decaauts)
 A = Elapsed time spent in this place.
 B = Non-inter-level travel time spent in this place.
 C = Inter-level travel time spent in this place.
 D = Time resting spent in this place.
 E = Time spent auto-exploring this place.
 F = Levels seen in this place.
 G = Mean time per level.
                   A        B        C        D        E       F      G
               +--------+--------+--------+--------+--------+-----+--------+
         Total |   1642 |   1585 |     57 |      0 |   1239 |   3 |  547.3 |
       Dungeon |   1642 |   1585 |     57 |      0 |   1239 |   3 |  547.3 |
               +--------+--------+--------+--------+--------+-----+--------+

Top non-repeatable levels by time:
     D:2: 943 daAuts
     D:1: 576 daAuts
     D:3: 122 daAuts
